 Seeded DCSS version 0.26.1-2-gb8aa6d0cf2 (webtiles) character file.

Game seed: 8188587032196712884 (custom seed)

30006 oldmanjim the Fencer (level 13, -2/111 HPs)
             Began as a Minotaur Fighter on Feb 15, 2021.
             Was an Initiate of Gozag.
             Slain by a five-headed hydra (3 damage)
             ... on level 6 of the Lair of Beasts on Feb 16, 2021.
             The game lasted 01:35:00 (16855 turns).

oldmanjim the Fencer (Minotaur Fighter)            Turns: 16855, Time: 01:35:02

Health: -2/111     AC: 13    Str: 24    XL:     13   Next: 18%
Magic:  0/12       EV:  7    Int:  5    God:    Gozag
Gold:   3198       SH: 16    Dex:  9    Spells: 12/12 levels left

rFire    . . .     SeeInvis .   a - +7 Singing Sword {vorpal, sonic wave}
rCold    + . .     Faith    .   S - +2 kite shield
rNeg     . . .     Spirit   +   X - +0 plate armour
rPois    +         Reflect  .   (helmet restricted)
rElec    .         Harm     .   G - +0 cloak
rCorr    +         Rampage  .   (no gloves)
Will     +....                  (no boots)
Stlth    ..........             V - amulet of guardian spirit
HPRegen  0.28/turn              C - ring "Bitteiqu" {rPois rC+ rCorr Str-3}
MPRegen  0.13/turn              D - ring of willpower

@: about to teleport
A: retaliatory headbutt, horns 2
a: Renounce Religion, Potion Petition, Call Merchant, Bribe Branch


You were on level 6 of the Lair of Beasts.
You worshipped Gozag.
Gozag was most pleased with you.
You visited 3 branches of the dungeon, and saw 17 of its levels.
You also visited: Sewer.

You collected 3271 gold pieces.
You paid 73 gold pieces to Gozag.

Inventory:

Hand Weapons
 a - the +7 Singing Sword (weapon) {vorpal, sonic wave}
   (You found it on level 4 of the Dungeon)

   It inflicts extra damage upon your enemies.
Missiles
 b - 157 sling bullets
 c - 8 atropa-tipped darts
 f - 6 silver javelins (quivered)
 h - 27 boomerangs
 n - 46 bolts
 x - 236 arrows
 B - 33 poisoned darts
 J - 5 curare-tipped darts
 L - 8 boomerangs of dispersal
Armour
 v - a +1 ring mail of cold resistance
 G - a +0 cloak (worn)
 S - a +2 kite shield (worn)
 X - a +0 plate armour (worn)
Jewellery
 k - an uncursed ring of protection from fire
 q - an uncursed ring of fire
 C - the ring "Bitteiqu" (left hand) {rPois rC+ rCorr Str-3}
   (You found it on level 2 of the Lair of Beasts)

   [ring of resist corrosion]

   It affects your strength (-3).
   It protects you from cold.
   It protects you from poison.
   It provides partial protection from all sources of acid and corrosion.
 D - a ring of willpower (right hand)
 E - an uncursed ring of wizardry
 V - an amulet of guardian spirit (around neck)
Wands
 y - a wand of polymorph (44)
 F - a wand of iceblast (12)
 H - a wand of acid (5)
 K - a wand of paralysis (10)
Scrolls
 g - 6 scrolls of teleportation
 j - a scroll of magic mapping
 l - 4 scrolls of remove curse
 r - a scroll of enchant armour
 s - a scroll of immolation
 z - a scroll of summoning
 A - a scroll of blinking {unknown}
 I - a scroll of enchant weapon
 O - 2 scrolls of fog
 P - a scroll of random uselessness {unknown}
 Q - a scroll of vulnerability {unknown}
 R - 2 scrolls of acquirement {unknown}
 U - a scroll of fear
Potions
 d - 3 potions of might
 e - 5 potions of curing
 m - 2 potions of magic
 o - 2 potions of resistance
 p - a potion of berserk rage
 t - 5 potions of lignification
 u - 5 potions of flight
 w - 3 potions of mutation
 N - 3 potions of haste
 T - a potion of invisibility
 Y - a potion of brilliance {unknown}
Miscellaneous
 W - a box of beasts


   Skills:
 + Level 9.0 Fighting
 - Level 16.0 Long Blades
 + Level 5.8 Armour
 - Level 0.1 Dodging
 - Level 15.0 Shields
 - Level 9.0 Evocations


You had 12 spell levels left.
You didn't know any spells.
Your spell library contained the following spells:

 Spells                   Type           Power        Failure   Level
 Animate Skeleton         Necr           0%           100%        1
 Foxfire                  Conj/Fire      0%           100%        1
 Freeze                   Ice            0%           100%        1
 Magic Dart               Conj           0%           100%        1
 Pain                     Necr           0%           100%        1
 Summon Small Mammal      Summ           0%           100%        1
 Call Imp                 Summ           0%           100%        2
 Poisonous Vapours        Pois/Air       0%           100%        2
 Searing Ray              Conj           0%           100%        2
 Call Canine Familiar     Summ           0%           100%        3
 Confusing Touch          Hex            0%           100%        3
 Conjure Flame            Conj/Fire      0%           100%        3
 Dazzling Flash           Conj/Hex       0%           100%        3
 Frozen Ramparts          Ice            0%           100%        3
 Gell's Gravitas          Tloc           0%           100%        3
 Inner Flame              Hex/Fire       0%           100%        3
 Mephitic Cloud           Conj/Pois/Air  0%           100%        3
 Ozocubu's Armour         Ice            0%           100%        3
 Summon Guardian Golem    Hex/Summ       0%           100%        3
 Vampiric Draining        Necr           0%           100%        3
 Animate Dead             Necr           0%           100%        4
 Fulminant Prism          Conj/Hex       0%           100%        4
 Hailstorm                Conj/Ice       0%           100%        4
 Iskenderun's Mystic Bla  Conj/Tloc      0%           100%        4
 Petrify                  Tmut/Erth      0%           100%        4
 Sticky Flame             Conj/Fire      0%           100%        4
 Summon Ice Beast         Ice/Summ       0%           100%        4
 Summon Lightning Spire   Summ/Air       0%           100%        4
 Agony                    Necr           0%           100%        5
 Fireball                 Conj/Fire      0%           100%        5
 Metabolic Englaciation   Hex/Ice        0%           100%        5
 Yara's Violent Unravell  Hex/Tmut       0%           100%        5
 Freezing Cloud           Conj/Ice/Air   0%           100%        6


Dungeon Overview and Level Annotations

Branches:
Dungeon (12/15)            Temple (1/1) D:5            Lair (3/6) D:10
    Orc (0/2) D:12          Sewer (visited)
  Swamp: Lair:2-4    Shoals: Lair:2-4     Snake: Lair:2-4    Spider: Lair:2-4

Altars:
Ashenzari
Cheibriados
Dithmenos
Elyvilon
Fedhas
Gozag
Hepliaklqana
Kikubaaqudgha
Makhleb
Nemelex Xobeh
Okawaru
Qazlal
Ru
Sif Muna
Trog
Uskayaw
Vehumet
Wu Jian
Xom
Yredelemnul
Zin
The Shining One
Beogh

Portals:
Gauntlet: Lair:6

Annotations:
D:8 2 transporters, ew1980's ghost, novice MfEE
D:9 exclusion: obsidian statue


Innate Abilities, Weirdness & Mutations

You reflexively headbutt those who attack you in melee.
You have a pair of horns on your head.


Message History

You block the five-headed hydra's attack.
The five-headed hydra barely misses you.
Unknown command.
You feel much better. The five-headed hydra bites you.
* * * LOW HITPOINT WARNING * * *
You block the five-headed hydra's attack.
The five-headed hydra bites you.
* * * LOW HITPOINT WARNING * * *
You block the five-headed hydra's attack.
The five-headed hydra bites you!
* * * LOW HITPOINT WARNING * * *
Unknown command.
As you read the scroll of teleportation, it crumbles to dust.
You feel strangely unstable. The five-headed hydra bites you.
* * * LOW HITPOINT WARNING * * *
You block the five-headed hydra's attack.
The five-headed hydra barely misses you.
The five-headed hydra bites you.
You die...
Your body crumbles into a pile of gold.

.....##...###.....#..##***
....####..#,#...(∩......,*
....**...#.##..........#**
...#*##.=.#.#...........**
...***...##.............,*
≈*,**...####............,*
,,,,...#* ###...........,*
,,,,,,,* #P....D.......,*
,,,,,,** ##P...@.......,*
,,,,,,* #............,*
,,,,,,* #..#.........,*
,,,,,** ###.........#,*
,,,,,,* ##.........**
,,,,,*********##......##*
,,,,,,**,*,**,,##.....#
,,,,***,,,,,,,,*,.#...#
,,,,*,,,,,,,,,,***,*,**


You could see a five-headed hydra.

Vanquished Creatures
  Rupert (D:12)
  4 hydras
  A centaur warrior (D:12)
  A catoblepas (Lair:2)
  2 two-headed ogres
  An unseen horror (D:11)
  Pikel (D:6)
  A manticore (D:11)
  An ugly thing (D:11)
  A cyclops (D:11)
  Joseph (D:7)
  A black mamba (Lair:2)
  Maggie (D:6)
  7 cane toads
  A rime drake (Lair:6)
  7 komodo dragons
  4 trolls
  A hornet (D:11)
  Prince Ribbit (D:7)
  2 polar bears
  A shadow (D:11)
  2 wyverns
  20 yaks
  A basilisk (Lair:2)
  Eustachio (D:5)
  A steam dragon (D:10)
  A soldier ant (D:11)
  9 water moccasins
  A black bear (Lair:3)
  15 orc warriors
  5 ice beasts
  6 sky beasts
  10 wolves
  A phantom (D:8)
  A necrophage (D:9)
  4 ogres
  5 centaurs
  4 lemures (D:6)
  2 big kobolds
  8 bullfrogs
  A wyvern zombie (D:11)
  A gnoll sergeant (D:7)
  8 scorpions
  4 killer bees (D:11)
  22 wights
  5 howler monkeys
  3 electric eels
  A jelly (D:11)
  A bullfrog zombie (D:6)
  A centaur zombie (D:8)
  2 quasits
  9 hounds
  17 orc wizards
  16 orc priests
  2 bullfrog skeletons
  5 iguanas
  6 worker ants
  7 hell rats (Lair:3)
  3 hound zombies
  2 hound skeletons
  2 howler monkey zombies
  A howler monkey skeleton (D:7)
  6 gnolls
  12 adders
  2 river rats (Sewer)
  3 shadow imps
  4 white imps
  An ufetubus (D:5)
  2 adder zombies
  An adder skeleton (D:9)
  3 worms
  2 dart slugs
  8 leopard geckos
  66 orcs
  6 giant cockroaches
  7 goblins
  7 hobgoblins
  18 jackals
  4 quokkas
  3 ball pythons
  5 bats
  5 frilled lizards
  2 jackal skeletons
  14 kobolds
  A leopard gecko skeleton (D:4)
  A leopard gecko zombie (D:7)
  9 rats
449 creatures vanquished.

Vanquished Creatures (others)
  A human (D:6)
  12 fungi
  26 plants
39 creatures vanquished.

Grand Total: 488 creatures vanquished

Notes
Turn   | Place    | Note
-------+----------+-------------------------------------------
     0 | D:1      | oldmanjim the Minotaur Fighter began the quest for the Orb.
     0 | D:1      | Reached XP level 1. HP: 19/19 MP: 0/0
   165 | D:1      | Reached XP level 2. HP: 27/27 MP: 1/1
   490 | D:1      | Reached skill level 3 in Long Blades
   490 | D:1      | Reached XP level 3. HP: 29/33 MP: 2/2
  1358 | D:2      | Reached XP level 4. HP: 41/41 MP: 3/3
  1798 | D:3      | Found a glowing drain.
  1808 | D:3      | Reached skill level 4 in Long Blades
  1820 | Sewer    | Entered a sewer
  2106 | Sewer    | Noticed a big kobold
  2121 | Sewer    | Killed a big kobold
  2122 | Sewer    | Reached XP level 5. HP: 46/47 MP: 4/4
  2150 | Sewer    | Found a white marble altar of Elyvilon.
  2607 | D:3      | Reached skill level 5 in Fighting
  2607 | D:3      | Reached skill level 5 in Long Blades
  3466 | D:4      | Reached skill level 5 in Shields
  3560 | D:3      | Reached XP level 6. HP: 29/56 MP: 5/5
  4299 | D:4      | Reached skill level 6 in Long Blades
  4390 | D:4      | Reached XP level 7. HP: 57/62 MP: 6/6
  4420 | D:4      | Found the +7 Singing Sword {vorpal, sonic wave}
  4922 | D:5      | Entered Level 5 of the Dungeon
  4984 | D:5      | Noticed Eustachio
  5001 | D:5      | Killed Eustachio
  5002 | D:5      | Reached skill level 7 in Long Blades
  5002 | D:5      | Reached skill level 1 in Evocations
  5082 | D:5      | Reached XP level 8. HP: 71/71 MP: 7/7
  5121 | D:5      | Got an ancient morningstar
  5122 | D:5      | Identified the +3 morningstar of Disembowelment {vorpal,
                  | +Rage} (You found it on level 5 of the Dungeon)
  5204 | D:5      | Reached skill level 8 in Long Blades
  5252 | D:5      | Found a staircase to the Ecumenical Temple.
  5262 | Temple   | Entered the Ecumenical Temple
  5363 | Temple   | Became a worshipper of Gozag Ym Sagoz the Greedy
  5411 | D:5      | Identified the +3 leather armour "Osau" {rPois Str+4
                  | Stlth+}
  5937 | D:6      | Reached skill level 9 in Long Blades
  6337 | D:6      | Reached XP level 9. HP: 79/79 MP: 8/8
  6468 | D:6      | Found an ancient bone altar of Kikubaaqudgha.
  6501 | D:6      | Noticed Pikel
  6614 | D:6      | Killed Pikel
  6615 | D:6      | Reached skill level 10 in Long Blades
  6788 | D:6      | Noticed Maggie
  6803 | D:6      | Killed Maggie
  7057 | D:7      | Noticed Joseph
  7070 | D:7      | Killed Joseph
  7071 | D:7      | Reached skill level 11 in Long Blades
  7367 | D:7      | Noticed Prince Ribbit
  7372 | D:7      | Killed Prince Ribbit
  7373 | D:7      | Reached skill level 5 in Evocations
  7373 | D:7      | Reached XP level 10. HP: 88/88 MP: 9/9
  7972 | D:8      | Identified the +6 great mace "Sitot" {flame, *Contam rC-
                  | Str+9 Dex+8}
  7976 | D:8      | Found a transporter.
  7976 | D:8      | Noticed ew1980's ghost (novice MfEE)
  7984 | D:8      | Found a transporter.
  8023 | D:8      | Reached skill level 12 in Long Blades
  8334 | D:8      | Found a sparkling altar of Nemelex Xobeh.
  8683 | D:9      | Found the +8 demon blade "Leech" {vamp, *Rage +Rage rN+}
  8787 | D:9      | Reached skill level 10 in Shields
  8903 | D:9      | Noticed an obsidian statue
  9980 | D:10     | Entered Level 10 of the Dungeon
 10594 | D:10     | Found a staircase to the Lair.
 10767 | D:10     | Reached XP level 11. HP: 73/94 MP: 10/10
 11283 | D:11     | Noticed a two-headed ogre
 11291 | D:10     | Killed a two-headed ogre
 11649 | D:11     | Noticed a cyan ugly thing
 11656 | D:11     | Noticed an eight-headed hydra
 11657 | D:11     | Killed a cyan ugly thing
 11663 | D:11     | Killed a nine-headed hydra
 11675 | D:11     | Noticed a two-headed ogre
 11700 | D:11     | Killed a two-headed ogre
 12776 | D:11     | Killed an unseen horror
 13025 | D:12     | Noticed a centaur warrior
 13032 | D:12     | Killed a centaur warrior
 13541 | D:12     | Reached skill level 13 in Long Blades
 13659 | D:12     | Found a roughly hewn altar of Beogh.
 13669 | D:12     | Reached XP level 12. HP: 57/101 MP: 5/11
 14136 | D:12     | Noticed Rupert
 14152 | D:12     | Paralysed by Rupert for 2 turns
 14161 | D:12     | Killed Rupert
 14362 | D:12     | Found a staircase to the Orcish Mines.
 14521 | Lair:1   | Entered Level 1 of the Lair of Beasts
 14731 | Lair:1   | Reached skill level 14 in Long Blades
 15325 | Lair:2   | Noticed a five-headed hydra
 15332 | Lair:2   | HP: 1/101 [nine-headed hydra (11)]
 15335 | Lair:2   | Killed a ten-headed hydra
 15684 | Lair:2   | Got a clouded iron ring
 15831 | Lair:2   | Noticed a catoblepas
 15840 | Lair:2   | Killed a catoblepas
 15841 | Lair:2   | Reached skill level 15 in Shields
 16021 | Lair:2   | Found a sparkling altar of Nemelex Xobeh.
 16109 | Lair:2   | Reached skill level 15 in Long Blades
 16750 | Lair:3   | You fall into a shaft and drop 3 floors!
 16750 | Lair:6   | Entered Level 6 of the Lair of Beasts
 16753 | Lair:6   | Identified the ring "Bitteiqu" {rPois rC+ rCorr Str-3} (You
                  | found it on level 2 of the Lair of Beasts)
 16794 | Lair:6   | Reached skill level 16 in Long Blades
 16796 | Lair:6   | Reached XP level 13. HP: 61/107 MP: 9/12
 16808 | Lair:6   | Reached skill level 5 in Armour
 16839 | Lair:6   | Found a gate leading to a gauntlet.
 16853 | Lair:6   | HP: 4/111 [five-headed hydra (9)]
 16855 | Lair:6   | HP: 1/111 [five-headed hydra (6)]
 16855 | Lair:6   | Slain by a five-headed hydra

Illustrated notes

Levels and vault maps discovered:
D:1:      scummos_arrival_gate, layout_basic
D:2:      layout_basic, minivault_26, minmay_strange_pillars,
          minmay_misc_feat_enclosed, roderic_lattice_a
D:3:      layout_basic, cheibrodos_sewer_entry_drain
D:4:      old_forge, layout_loops_corners
D:5:      layout_loops_ring, minmay_temple_entry_mini_moons, minivault_27,
          uniq_eustachio
D:6:      layout_loops_cross, tgw_kikubaaqudgha, uniq_maggie, uniq_pikel
D:7:      layout_loops_cross, uniq_prince_ribbit1, uniq_joseph
D:8:      layout_loops_ring, marbit_many_paths, gammafunk_ghost_smash
D:9:      minmay_statue_hallways, layout_basic
D:10:     layout_cave_pools, erik_lair_island
D:11:     layout_cross, minmay_fractal_squares_diagonal_5
D:12:     layout_basic, david_orc_4, special_room [special_room_orc],
          uniq_rupert
Temple:   grunt_wide_crystal_templ
Lair:1:   layout_regular_city, lemuel_fruit_tree
Lair:2:   layout_roguey, basic_altar
Lair:3:   layout_cave_pods, serial_bayou_shore_b
Lair:6:   grunt_lair_end_beastmaster, layout_cave_pods, gauntlet_entry_generic,
          basic_altar, eino_house_with_fridge, grunt_megastairs_5,
          infiniplex_staircase_pool, serial_bayou_shore_a

Skill      XL: |  1  2  3  4  5  6  7  8  9 10 11 12 13 |
---------------+----------------------------------------+-----
Fighting       | 4 5 6 7 8 9 |  9.0
Armour         | 4 5 |  5.8
Shields        | 4 5 6 7 9 11 13 15 | 15.0
Long Blades    | 3 4 5 6 7 9 11 12 13 16 | 16.0
Evocations     | 1 3 5 7 9 |  9.0
Dodging        | |  0.1

Action                   |  1- 3 |  4- 6 |  7- 9 | 10-12 | 13-15 || total
-------------------------+-------+-------+-------+-------+-------++-------
Melee: Long sword        |    89 |   147 |     6 |       |       ||   242
       Headbutt          |    10 |    33 |    25 |    61 |     1 ||   130
       Double sword      |       |       |   155 |   402 |    15 ||   572
Throw: Boomerang         |     3 |    23 |       |    21 |     1 ||    48
       Dart              |       |     4 |    23 |   195 |       ||   222
       Javelin           |       |       |       |       |     3 ||     3
Evoke: Wand              |       |       |       |    12 |     7 ||    19
  Use: Scroll            |       |       |     8 |    15 |     1 ||    24
       Potion            |       |       |     1 |     2 |     1 ||     4
 Stab: Distracted        |       |       |       |     3 |       ||     3
Armor: Scale mail        |    56 |    47 |       |       |       ||   103
       Chain mail        |       |    24 |    51 |    74 |       ||   149
       Plate armour      |       |       |       |    72 |     6 ||    78
Dodge: Dodged            |    40 |    42 |    23 |    61 |     7 ||   173
Block: Kite shield       |    47 |    72 |    56 |   251 |    12 ||   438
       Rpst.: Long sword |    14 |    12 |       |       |       ||    26
       Double sword      |       |       |     4 |    10 |       ||    14
